 Dungeon Crawl Stone Soup version 0.27-a0-1232-gc6a4cbde82 (webtiles) character file.

Game seed: 16012198444552852212

29 freelancePsychic the Skirmisher (level 3, -2/33 HPs)
             Began as a Ghoul Monk on June 8, 2021.
             Slain by Natasha (4 damage)
             ... on level 1 of the Dungeon.
             The game lasted 00:02:12 (1235 turns).

freelancePsychic the Skirmisher (Ghoul Monk)        Turns: 1235, Time: 00:02:13

Health: -2/33      AC:  3    Str: 15    XL:     3   Next: 16%
Magic:  2/2        EV: 12    Int:  5    God:
Gold:   68         SH:  0    Dex: 11    Spells: 2/2 levels left

rFire    + . .     SeeInvis .   a - +0 mace
rCold    + + .     Faith    .   (no shield)
rNeg     + + +     Spirit   .   b - +0 robe
rPois    ∞         Reflect  .   (no helmet)
rElec    .         Harm     .   e - scarf {rC+ rF+}
rCorr    .         Rampage  .   (no gloves)
Will     .....                  i - +0 pair of boots
Stlth    ++........             (no amulet)
HPRegen  0.00/turn              (no ring)
MPRegen  0.08/turn              (no ring)

@: no status effects
A: claws 1, cold resistance 1, negative energy resistance 3, inhibited
regeneration, torment resistance 2
a: no special abilities


You were on level 1 of the Dungeon.
You visited 1 branch of the dungeon, and saw 2 of its levels.

You collected 68 gold pieces.

Inventory:

Hand Weapons
 a - a +0 mace (weapon)
Armour
 b - a +0 robe (worn)
 e - a scarf of resistance (worn)
 i - a +0 pair of boots (worn)
Jewellery
 j - a ring of ice
Scrolls
 c - a scroll of summoning {unknown}
 d - a scroll of identify {unknown}
 f - a scroll of blinking {unknown}
 h - a scroll of teleportation {unknown}


   Skills:
 + Level 3.7 Fighting
 * Level 3.4 Maces & Flails
 - Level 2.7 Dodging
 - Level 2.2 Stealth


You had 2 spell levels left.
You didn't know any spells.
Your spell library was empty.

Dungeon Overview and Level Annotations

Branches:
Dungeon (2/15)

Altars:

Annotations:
D:1 Natasha


Innate Abilities, Weirdness & Mutations

You thrive by killing the living.
You are immune to poison.
You have sharp fingernails.
Your flesh is cold resistant. (rC+)
You are immune to negative energy. (rN+++)
You do not regenerate when monsters are visible.
You are immune to unholy pain and torment.


Message History

Natasha mumbles some strange words.
Natasha glows brightly for a moment.
Natasha stares at you and mumbles some strange words.
You resist with significant effort. The goblin hits you with a +0 club.
The goblin hits you with a +0 club.
There is an escape hatch in the ceiling here.
Natasha claws you. The goblin closely misses you.
A mysterious force pulls you upwards. The hatch slams shut behind you.
You hit the goblin.
The goblin is moderately wounded.
Natasha misses you. The goblin closely misses you.
Natasha extends her claws.
Natasha casts a spell at you. The magic dart hits you.
You closely miss the goblin.
The goblin is moderately wounded.
The goblin barely misses you. Natasha casts a spell at you.
The magic dart hits you.
* * * LOW HITPOINT WARNING * * *
You barely miss the goblin.
The goblin is moderately wounded.
The goblin hits you with a +0 club.
* * * LOW HITPOINT WARNING * * *
Natasha casts a spell at you. You resist with significant effort.
You sock the goblin!
You kill the goblin!
You feel better.
Natasha growls.
Natasha claws you.
* * * LOW HITPOINT WARNING * * *
It was a potion of lignification.
You feel woody for a moment. Natasha claws you.
* * * LOW HITPOINT WARNING * * *
You hit Natasha.
Natasha is moderately wounded.
Natasha claws you.
You die...

..# #######.# #..#
#.#.#.#.. ..# #.#
##.###.#.#.#.# ..#
#.# #..##.#.#.#.#
..# #.#
#..##.#.#.#.# ..#
#.# #.....#.#.#.#
..# #.#
###.###.#.#.# ..#
#.# #...#.#.#.#
### #h#
#.#.#.#.#.# #@#
#...#.#.#.. #)#
#...#.#.### #.#
#...#.#.... #.#
#...#.##### #.#
#.......... #.#
#...#.##### #.#
#...#.#####
#.######...#......
#...)......#######


You could see Natasha.

Vanquished Creatures
  A dart slug (D:1)
  4 ball pythons (D:1)
  2 endoplasms (D:1)
  A giant cockroach (D:1)
  2 goblins (D:1)
  A hobgoblin (D:1)
  2 jackals (D:1)
  A bat (D:1)
  8 kobolds (D:1)
  6 rats (D:1)
28 creatures vanquished.

Notes
Turn   | Place    | Note
-------+----------+-------------------------------------------
     0 | D:1      | freelancePsychic the Ghoul Monk began the quest for the
                  | Orb.
     0 | D:1      | Reached XP level 1. HP: 19/19 MP: 0/0
   155 | D:1      | Reached XP level 2. HP: 20/26 MP: 1/1
   676 | D:1      | Reached XP level 3. HP: 31/33 MP: 2/2
  1217 | D:2      | Noticed Natasha
  1235 | D:1      | Slain by Natasha

Illustrated notes

Levels and vault maps discovered:
D:1:      dpeg_arrival_ratfight, layout_basic, st_stairs_1
D:2:      layout_basic, ebering_ecumenical_altar_rust, serial_shops, shop,
          minmay_ruptured, uniq_natasha

Skill      XL: |  1  2 |
---------------+-------+-----
Maces & Flails | 3 |  3.4
Fighting       | |  3.7
Dodging        | |  2.7
Stealth        | |  2.2

Action                   || total
-------------------------++-------
Melee: Mace              ||    80
  Use: Scroll            ||     1
       Potion            ||     1
 Stab: Sleeping          ||     4
Armor: Robe              ||    11
Dodge: Dodged            ||    58

Table legend: (Time is in decaauts)
 A = Elapsed time spent in this place.
 B = Non-inter-level travel time spent in this place.
 C = Inter-level travel time spent in this place.
 D = Time resting spent in this place.
 E = Time spent auto-exploring this place.
 F = Levels seen in this place.
 G = Mean time per level.
                   A        B        C        D        E       F      G
               +--------+--------+--------+--------+--------+-----+--------+
         Total |   1255 |   1154 |    101 |    104 |    821 |   2 |  627.5 |
       Dungeon |   1255 |   1154 |    101 |    104 |    821 |   2 |  627.5 |
               +--------+--------+--------+--------+--------+-----+--------+

Top non-repeatable levels by time:
     D:1: 1206 daAuts
     D:2: 48 daAuts
